 Dungeon Crawl Stone Soup version 0.24.0-125-gc4c63601f3 (webtiles) character file.

Game seed: 6952221402666682109, levelgen mode: deterministic

98179 squigot the Severer (level 15, -1/145 HPs)
             Began as a Minotaur Berserker on Feb 28, 2020.
             Was the Champion of Trog.
             Slain by a chaos spawn (6 damage)
             ... summoned by an orc sorcerer
             ... on level 2 of the Orcish Mines on Mar 7, 2020.
             The game lasted 07:01:45 (29418 turns).

squigot the Severer (Minotaur Berserker)           Turns: 29418, Time: 07:01:45

Health: -1/145     AC: 24    Str: 31    XL:     15   Next: 74%
Magic:  4/4        EV: 12    Int:  8    God:    Trog [******]
Gold:   1761       SH:  0    Dex: 11    Spells: 14/14 levels left

rFire    . . .     SeeInvis .   P - +2 executioner's axe (antimagic)
rCold    . . .     Gourm    .   (shield currently unavailable)
rNeg     . . .     Faith    +   d - +1 plate armour of Pontesin {Str+5}
rPois    .         Spirit   .   Z - +1 hat {Int+3}
rElec    .         Reflect  .   U - +2 cloak
rCorr    .         Harm     .   (no gloves)
MR       ++...                  M - +0 pair of boots (curse)
Stlth    ..........             f - amulet of faith
HPRegen  0.34/turn              J - ring of protection from magic
MPRegen  0.09/turn              g - +2 ring of evasion

@: berserk cooldown, slowed, heavily drained, very slow
A: retaliatory headbutt, horns 2, deterioration 1
a: Berserk, Trog's Hand, Brothers in Arms, Renounce Religion


You were on level 2 of the Orcish Mines.
You worshipped Trog.
Trog was exalted by your worship.
You were hungry.

You visited 6 branches of the dungeon, and saw 27 of its levels.

You collected 2926 gold pieces.
You spent 1165 gold pieces at shops.

Inventory:

Hand Weapons
 h - a +2 hunting sling of flaming
 m - a +3 antimagic quick blade
 w - a +1 vampiric whip
 P - a +2 antimagic executioner's axe (weapon)
Missiles
 j - 20 boomerangs (quivered)
 l - 108 sling bullets
 s - 3 throwing nets
Armour
 d - the +1 plate armour of Pontesin (worn) {Str+5}
   (You bought it in a shop on level 9 of the Dungeon)

   It affects your strength (+5).
 M - a cursed +0 pair of boots (worn)
 U - a +2 cloak (worn)
 Z - a +1 hat of intelligence (worn)
Jewellery
 f - an amulet of faith (around neck)
 g - a +2 ring of evasion (right hand)
 J - a ring of protection from magic (left hand)
Wands
 e - a wand of disintegration (17)
 x - a wand of clouds (5)
 D - a wand of iceblast (8)
 I - a wand of acid (13)
 T - a wand of enslavement (6)
 W - a wand of paralysis (24)
 Y - a wand of polymorph (16)
Scrolls
 a - a scroll of silence
 n - 5 scrolls of fear
 o - 10 scrolls of remove curse
 q - 9 scrolls of teleportation
 r - a scroll of noise {unknown}
 t - 3 scrolls of magic mapping
 y - 2 scrolls of enchant armour
 B - 4 scrolls of fog {unknown}
 E - 5 scrolls of enchant weapon
 S - 2 scrolls of acquirement {unknown}
Potions
 i - 2 potions of flight
 k - 3 potions of heal wounds
 u - 2 potions of resistance {unknown}
 A - 3 potions of lignification
 C - 7 potions of curing
 G - 2 potions of invisibility
 O - 3 potions of ambrosia {unknown}
Miscellaneous
 V - a lightning rod (3/4)
Comestibles
 b - 4 chunks of flesh
 c - 28 rations


   Skills:
 + Level 16.5(14.8) Fighting
 + Level 20.3(18.5) Axes
 - Level 2.8(12.4) Maces & Flails
 - Level 3.0(2.5) Slings
 - Level 3.0(2.3) Throwing
 + Level 17.4(15.7) Armour
 + Level 4.8(3.5) Dodging
 - Level 0.1(0.0) Stealth
   Level 1.2(0.0) Shields
 - Level 0.4(0.0) Evocations


You had 14 spell levels left.
You didn't know any spells.
Your spell library contained the following spells:

 Spells                   Type           Power        Failure   Level  Hunger
 Animate Skeleton         Necr           N/A          91%         1    ##.....
 Apportation              Tloc           #.....       91%         1    ##.....
 Beastly Appendage        Tmut           #.....       91%         1    ##.....
 Confusing Touch          Hex            #.....       91%         1    ##.....
 Magic Dart               Conj           #...         91%         1    ##.....
 Summon Small Mammal      Summ           #...         91%         1    ##.....
 Corpse Rot               Necr           N/A          97%         2    ###....
 Searing Ray              Conj           #.....       97%         2    ###....
 Sticks to Snakes         Tmut           #.......     97%         2    ###....
 Sublimation of Blood     Necr           #.........   97%         2    ###....
 Dazzling Spray           Conj/Hex       #.....       100%        3    ####...
 Ignite Poison            Fire/Tmut/Pois #.......     100%        3    ####...
 Spider Form              Tmut/Pois      #.........   100%        3    ####...
 Force Lance              Conj/Tloc      #.......     100%        4    #####..
 Fulminant Prism          Conj/Hex       #.........   100%        4    #####..
 Ice Form                 Ice/Tmut       #.......     100%        4    #####..
 Iskenderun's Mystic Bla  Conj           #.......     100%        4    #####..
 Leda's Liquefaction      Hex/Erth       #.........   100%        4    #####..
 Agony                    Necr           #.......     100%        5    ######.
 Blade Hands              Tmut           #.........   100%        5    ######.
 Bolt of Draining         Conj/Necr      #.........   100%        5    ######.
 Bolt of Magma            Conj/Fire/Erth #.........   100%        5    ######.
 Dispel Undead            Necr           #.......     100%        5    ######.
 Excruciating Wounds      Chrm/Necr      #.........   100%        5    ######.
 Fireball                 Conj/Fire      #.........   100%        5    ######.
 Irradiate                Conj/Tmut      #.........   100%        5    ######.
 Metabolic Englaciation   Hex/Ice        #.........   100%        5    ######.
 Bolt of Cold             Conj/Ice       #.........   100%        6    #######
 Bolt of Fire             Conj/Fire      #.........   100%        6    #######
 Freezing Cloud           Conj/Ice/Air   #.........   100%        6    #######
 Hydra Form               Tmut           #.........   100%        6    #######
 Iron Shot                Conj/Erth      #.........   100%        6    #######
 Ozocubu's Refrigeration  Ice            #.........   100%        6    #######
 Simulacrum               Ice/Necr       #.........   100%        6    #######
 Statue Form              Tmut/Erth      #........    100%        6    #######
 Dragon Form              Tmut           #.........   100%        7    #######
 Ring of Flames           Chrm/Fire      #.........   100%        7    #######
 Ignition                 Fire           #.........   100%        8    #######
 Shatter                  Erth           #.........   100%        9    #######


Dungeon Overview and Level Annotations

Branches:
Dungeon (15/15)            Temple (1/1) D:6            Lair (6/6) D:11
 Shoals (1/4) Lair:4       Spider (2/4) Lair:4        Slime (0/5) Lair:6
    Orc (2/2) D:11            Elf (0/3) Orc:2        Vaults (0/5) D:14
 Depths (0/5) D:15

Altars:
Ashenzari
Cheibriados
Dithmenos
Elyvilon
Fedhas
Gozag
Hepliaklqana
Kikubaaqudgha
Makhleb
Nemelex Xobeh
Okawaru
Qazlal
Ru
Sif Muna
Trog
Uskayaw
Vehumet
Wu Jian
Xom
Yredelemnul
Zin
The Shining One
Beogh
Jiyva
Lugonu

Shops:
D:5 !   D:7 *   D:9 *   Orc:2 [

Annotations:
D:9 exclusion: butterfly
Lair:3 exclusion: 4 oklob plants


Innate Abilities, Weirdness & Mutations

You reflexively headbutt those who attack you in melee.
You have a pair of horns on your head.
Your body sometimes deteriorates upon taking damage.


Message History

Press: ? - help, Shift-Dir - straight line, f - sixfirhy
Aim: a sixfirhy (summoned)
The thunderbolt hits the orc priest!
The orc priest is severely wounded.
The thunderbolt hits the sixfirhy.
The sixfirhy completely resists.
The thunderbolt hits the ice devil!
The ice devil is moderately wounded.
The thunderbolt hits the orc sorcerer!
The orc sorcerer is severely wounded.
You hear a shout! x2
The orc warrior no longer looks unusually strong.
The sixfirhy disappears in a puff of smoke!
The orc priest no longer looks unusually strong.
The orc sorcerer barely misses you. The chaos spawn closely misses you.
You furiously retaliate!
You headbutt the chaos spawn, but do no damage.
The orc priest looks encouraged for a moment.
The orc sorcerer hits you but does no damage.
The chaos spawn gores you.
You die...

#....##.###.................
#........###..<.............
##.####### ###..............
######.######
#..............
#...........###
#..............
...####.####...##
#..............
#.######..###..............
#.#...###4.##..............
#.#o....##@# ..............
#.#oo....#o# ..............
... #.ooo##.............. ..
##o4###.............. #oo#
#.............. ...#
#.............. ##..#
#..........#... ..##
#..........#.#. .∩#
#.......[......


You could see an orc knight, an orc high priest, an ice devil, a chaos spawn, 2
orc sorcerers and 2 orc priests.

Vanquished Creatures
  Rupert (D:13)
  Gastronok (D:11)
  Kirke (D:13)
  A war gargoyle (D:15)
  2 fire dragons
  Josephine (Lair:5)
  3 yaktaur captains
  A great orb of eyes (D:15)
  9 hydras
  Fannar (D:11)
  Harold (D:11)
  3 centaur warriors
  An ogre mage (D:15)
  A catoblepas (Lair:2)
  6 two-headed ogres
  A deep troll earth mage (D:15)
  An orc high priest (Orc:2)
  3 skeletal warriors (D:12)
  4 orc knights
  A wolf spider zombie (D:15)
  An orb spider (Spider:1)
  2 lindwurms (Lair:6)
  4 orc sorcerers
  2 cyclopes
  3 wolf spiders
  2 manticores
  5 black mambas
  Joseph (D:9)
  Psyche (D:8)
  15 elephants
  A gargoyle (D:10)
  5 torpor snails (Lair:6)
  7 spiny frogs
  4 centaur skeletons
  7 komodo dragons
  4 rime drakes
  2 yaktaurs (D:14)
  An efreet (D:15)
  11 polar bears
  8 trolls
  6 meliai (D:15)
  9 hornets
  A jumping spider (Lair:4)
  Grinder (D:3)
  2 raiju (Lair:6)
  3 blink frogs (Lair:1)
  3 slime creatures (D:15)
  3 tyrant leeches (Lair:6)
  15 hippogriffs
  5 dream sheep (Lair:4)
  A centaur simulacrum (D:15)
  Sigmund (D:5)
  A redback (Lair:4)
  4 wraiths
  A spriggan (D:7)
  5 basilisks
  41 yaks
  3 wyverns (Lair:4)
  A hog (D:13)
  A hungry ghost (D:15)
  10 vampire mosquitoes
  Edmund (D:5)
  Menkaure (D:5)
  12 wargs
  A harpy simulacrum (D:15)
  3 soldier ants
  12 water moccasins
  6 porcupines
  13 hell hounds (Lair:6)
  3 ice beasts
  24 orc warriors
  4 sky beasts
  17 black bears
  3 phantoms
  34 wolves
  12 ogres
  16 centaurs
  11 crocodiles
  2 gnoll sergeants
  19 bullfrogs
  A wyvern zombie (D:15)
  6 scorpions
  A killer bee (D:9)
  A howler monkey (D:13)
  4 wights (D:7)
  An electric eel (Orc:1)
  3 lava snakes (D:11)
  7 crimson imps
  4 centaur zombies
  6 jellies
  13 orc wizards
  4 hounds
  3 bullfrog skeletons
  15 orc priests
  Ijyb (D:5)
  5 iguanas
  10 worker ants
  A hound zombie (D:6)
  2 hound skeletons
  A howler monkey zombie (D:10)
  A worker ant zombie (D:10)
  Robin (D:2)
  A howler monkey skeleton (D:7)
  18 gnolls
  6 adders
  2 shadow imps
  2 oozes (Lair:6)
  An adder skeleton (D:4)
  3 worms
  A dart slug (D:2)
  7 leopard geckos
  122 orcs
  6 bats
  5 giant cockroaches
  12 hobgoblins
  7 jackals
  16 kobolds
  4 quokkas
  A ball python (D:2)
  8 frilled lizards
  14 goblins
  A leopard gecko skeleton (D:4)
  A quokka zombie (D:6)
  13 rats
  3 butterflies (D:9)
  8 fungi
  16 plants
809 creatures vanquished.

Vanquished Creatures (collateral kills)
  A fire dragon (D:15)
  A centaur warrior (D:13)
  A deep elf mage (D:13)
  A cyclops (D:12)
  A wraith (D:14)
  A soldier ant (D:13)
  A howler monkey (D:13)
  A jelly (D:12)
  2 orc wizards
10 creatures vanquished.

Vanquished Creatures (others)
  2 skeletal warriors (D:12)
  A spiny frog (Lair:6)
  A hippogriff (D:11)
  A human (D:13)
  A basilisk (D:13)
  A hungry ghost (D:13)
  A porcupine (Lair:4)
  An orc warrior (D:12)
  A black bear (D:11)
  A centaur (D:13)
  An orc (D:13)
  2 bushes (Lair:6)
  5 fungi
  23 plants
42 creatures vanquished.

Grand Total: 861 creatures vanquished

Notes
Turn   | Place    | Note
-------+----------+-------------------------------------------
     0 | D:1      | squigot the Minotaur Berserker began the quest for the Orb.
     0 | D:1      | Reached XP level 1. HP: 19/19 MP: 0/0
    22 | D:1      | Reached skill level 4 in Axes
    27 | D:1      | Reached XP level 2. HP: 15/27 MP: 1/1
   667 | D:1      | Reached XP level 3. HP: 33/33 MP: 2/2
   852 | D:2      | Noticed Robin
   868 | D:2      | Killed Robin
   868 | D:2      | Reached skill level 5 in Axes
   874 | D:2      | Reached ** piety under Trog
   910 | D:2      | Reached XP level 4. HP: 35/40 MP: 3/3
  1568 | D:3      | Reached skill level 6 in Axes
  1599 | D:3      | Found a shattered altar of Ashenzari.
  1732 | D:3      | Reached *** piety under Trog
  1756 | D:3      | Found a white marble altar of Elyvilon.
  1822 | D:3      | Reached XP level 5. HP: 42/46 MP: 4/4
  1947 | D:3      | Noticed Grinder
  2466 | D:4      | Reached skill level 1 in Throwing
  2466 | D:4      | Reached XP level 6. HP: 47/53 MP: 3/5
  2572 | D:4      | Found a sacrificial altar of Ru.
  2655 | D:4      | Reached skill level 7 in Axes
  3052 | D:5      | Entered Level 5 of the Dungeon
  3052 | D:5      | Noticed Menkaure
  3130 | D:5      | Found a sparkling altar of Nemelex Xobeh.
  3213 | D:5      | Reached XP level 7. HP: 53/60 MP: 4/6
  3223 | D:5      | Found a shimmering altar of Xom.
  3342 | D:5      | Noticed Edmund
  3382 | D:5      | Killed Edmund
  3382 | D:5      | Reached **** piety under Trog
  3382 | D:5      | Reached skill level 8 in Axes
  3435 | D:5      | Noticed Sigmund
  3465 | D:6      | Reached skill level 5 in Fighting
  3492 | D:6      | Found a hazy altar of Hepliaklqana.
  3610 | D:6      | Found a staircase to the Ecumenical Temple.
  3617 | D:6      | Reached skill level 9 in Axes
  3617 | D:6      | Reached skill level 5 in Armour
  3617 | D:6      | Reached XP level 8. HP: 68/68 MP: 7/7
  3666 | D:6      | Found a hide-covered altar of Uskayaw.
  3953 | D:6      | Reached skill level 10 in Axes
  4237 | D:7      | Found Welit's General Store.
  4297 | D:7      | Reached skill level 11 in Axes
  4348 | D:7      | Reached XP level 9. HP: 34/75 MP: 4/8
  4454 | D:7      | Found a burning altar of Makhleb.
  4473 | D:7      | Reached ***** piety under Trog
  4532 | D:7      | Bought a scroll of random uselessness for 12 gold pieces
  4532 | D:7      | Bought a potion of agility for 48 gold pieces
  4532 | D:7      | Bought a scroll of identify for 24 gold pieces
  4678 | D:7      | Received a gift from Trog
  4713 | D:7      | Found a stormy altar of Qazlal.
  4713 | D:7      | Found an iron altar of Okawaru.
  4722 | D:7      | Found a faded altar of an unknown god.
  4724 | D:7      | Found a snail-covered altar of Cheibriados.
  4725 | D:7      | Found a faded altar of an unknown god.
  5126 | D:9      | Found Gugrup's General Store.
  5126 | D:9      | Noticed Psyche
  5161 | D:8      | Reached skill level 12 in Axes
  5780 | D:8      | Killed Psyche
  5802 | D:9      | Bought a scroll of amnesia for 45 gold pieces
  5802 | D:9      | Bought 2 potions of might for 104 gold pieces
  6034 | D:5      | Killed Menkaure
  6297 | D:5      | Killed Sigmund
  6297 | D:5      | Reached skill level 13 in Axes
  6418 | D:5      | Noticed Ijyb
  6427 | D:5      | Killed Ijyb
  6570 | D:5      | Found Zikuv's Distillery.
  6619 | D:5      | Bought a potion of curing for 36 gold pieces
  6619 | D:5      | Bought a potion of heal wounds for 60 gold pieces
  6619 | D:5      | Bought a potion of brilliance for 48 gold pieces
  6619 | D:5      | Bought a potion of flight for 36 gold pieces
  6619 | D:5      | Bought a potion of degeneration for 12 gold pieces
  6636 | D:5      | Found a shadowy altar of Dithmenos.
  7026 | D:9      | Received a gift from Trog
  7179 | D:9      | Reached XP level 10. HP: 84/84 MP: 3/9
  7227 | D:9      | Noticed Joseph
  7250 | D:9      | Killed Joseph
  7250 | D:9      | Reached skill level 14 in Axes
  7338 | D:9      | Found a runed translucent door.
  7354 | D:9      | Found a runed translucent door.
  7371 | D:9      | Noticed a seven-headed hydra
  7410 | D:10     | Entered Level 10 of the Dungeon
  7832 | D:10     | Noticed a gargoyle
  7849 | D:10     | Killed a gargoyle
  7933 | D:10     | Found a roughly hewn altar of Beogh.
  8023 | D:10     | Received a gift from Trog
  8592 | D:11     | Received a gift from Trog
  8630 | D:11     | Noticed a two-headed ogre
  8640 | D:11     | Killed a two-headed ogre
  8640 | D:11     | Reached skill level 15 in Axes
  8696 | D:11     | Found a staircase to the Lair.
  8798 | D:11     | Found a staircase to the Orcish Mines.
  8913 | D:11     | Noticed a manticore
  8960 | D:11     | Killed a manticore
  9029 | D:11     | Noticed a cyclops
  9069 | D:11     | Reached XP level 11. HP: 68/94 MP: 8/10
  9106 | D:11     | Noticed Fannar
  9976 | D:12     | Found a roughly hewn altar of Beogh.
 10045 | D:12     | Noticed a skeletal warrior
 10049 | D:12     | Noticed a skeletal warrior
 10065 | D:12     | Banished a skeletal warrior
 10065 | D:12     | Reached skill level 16 in Axes
 10065 | D:12     | Reached skill level 1 in Slings
 10098 | D:12     | Killed a skeletal warrior
 10546 | D:12     | Noticed a skeletal warrior
 10546 | D:12     | Noticed a skeletal warrior
 10546 | D:12     | Noticed a skeletal warrior
 10549 | D:12     | Banished a skeletal warrior
 10574 | D:12     | Killed a skeletal warrior
 11030 | D:12     | Killed a skeletal warrior
 11030 | D:12     | Received a gift from Trog
 11030 | D:12     | Reached skill level 10 in Armour
 11465 | D:12     | Gained mutation: Your body sometimes deteriorates upon
                  | taking damage. [mutagenic glow]
 11514 | D:13     | Noticed a centaur warrior
 11529 | D:13     | Killed a centaur warrior
 11542 | D:13     | Noticed a deep elf mage
 11546 | D:13     | Killed a deep elf mage
 11546 | D:13     | Reached skill level 17 in Axes
 11788 | D:13     | Noticed Kirke
 11797 | D:13     | Killed Kirke
 11797 | D:13     | Reached skill level 1 in Shields
 11797 | D:13     | Reached XP level 12. HP: 92/104 MP: 3/11
 11801 | D:13     | Noticed a centaur warrior
 11822 | D:13     | Killed a centaur warrior
 12668 | D:14     | Noticed Rupert
 12673 | D:14     | Paralysed by Rupert for 6 turns
 12916 | D:14     | Noticed a five-headed hydra
 12927 | D:14     | Killed a six-headed hydra
 13009 | D:14     | Reached skill level 18 in Axes
 13031 | D:14     | Paralysed by Rupert for 6 turns
 13328 | D:15     | Entered Level 15 of the Dungeon
 13434 | D:14     | Found a corrupted altar of Lugonu.
 13439 | D:14     | Noticed a six-headed hydra
 13485 | D:13     | Reached skill level 10 in Fighting
 13639 | D:13     | Killed Rupert
 13840 | D:14     | Killed a six-headed hydra
 13942 | D:14     | Noticed a two-headed ogre
 13948 | D:14     | Killed a two-headed ogre
 14095 | D:14     | Noticed a yaktaur captain
 14131 | D:14     | Killed a yaktaur captain
 14151 | D:14     | Found a gate to the Vaults.
 14819 | D:15     | Reached XP level 13. HP: 103/116 MP: 2/12
 15230 | D:15     | Found a large runed translucent door.
 15233 | D:15     | Found a large runed translucent door.
 15248 | D:15     | Found a bloodstained altar of Trog.
 15248 | D:15     | Noticed a war gargoyle
 15255 | D:15     | Killed a war gargoyle
 15293 | D:15     | Found a glowing silver altar of Zin.
 16061 | D:15     | Noticed a fire dragon
 16066 | D:15     | Noticed a fire dragon
 16074 | D:15     | Killed a fire dragon
 16075 | D:15     | Killed a fire dragon
 16080 | D:15     | Found a staircase to the Depths.
 17054 | D:11     | Noticed Harold
 17081 | D:11     | Killed Harold
 17086 | D:11     | Killed Fannar
 17221 | D:11     | Noticed Gastronok
 17246 | D:11     | Killed Gastronok
 17794 | D:3      | Killed Grinder
 17794 | D:3      | Reached skill level 15 in Armour
 17839 | D:3      | Found a basalt altar of Yredelemnul.
 18207 | D:9      | Bought the +1 plate armour of Pontesin {Str+5} for 591 gold
                  | pieces
 18207 | D:9      | Bought a +1 whip of freezing for 149 gold pieces
 18382 | D:9      | Found an ornate altar of the Wu Jian Council.
 18487 | D:9      | Reached skill level 1 in Maces & Flails
 18773 | Temple   | Entered the Ecumenical Temple
 19025 | Lair:1   | Entered Level 1 of the Lair of Beasts
 19117 | Lair:1   | Reached XP level 14. HP: 117/132 MP: 10/13
 19602 | Lair:1   | Got an ancient scimitar
 19603 | Lair:1   | Identified the +2 scimitar "Hydra's Undoing" {venom, rN+}
                  | (You found it on level 1 of the Lair of Beasts)
 20561 | Lair:2   | Reached ****** piety under Trog
 22398 | Lair:4   | Received a gift from Trog
 22611 | Lair:4   | Reached skill level 15 in Fighting
 23319 | Lair:4   | Found a staircase to the Shoals.
 23332 | Shoals:1 | Entered Level 1 of the Shoals
 23439 | Lair:4   | Found a hole to the Spider Nest.
 23449 | Spider:1 | Entered Level 1 of the Spider Nest
 24210 | Lair:5   | Noticed Josephine
 24234 | Lair:5   | Killed Josephine
 24534 | Lair:5   | Received a gift from Trog
 25049 | Lair:6   | Entered Level 6 of the Lair of Beasts
 25055 | Lair:5   | Reached XP level 15. HP: 143/143 MP: 4/14
 25286 | Lair:6   | Reached skill level 19 in Axes
 25776 | Lair:6   | Found a staircase to the Slime Pits.
 25787 | Lair:6   | Received a gift from Trog
 26051 | Lair:6   | Paralysed by a hornet for 2 turns
 26054 | Lair:6   | Received a gift from Trog
 26088 | Lair:6   | Found a runed translucent door.
 26130 | Lair:6   | Paralysed by a hornet for 1 turns
 27046 | Lair:6   | Received a gift from Trog
 28043 | Orc:1    | Entered Level 1 of the Orcish Mines
 28352 | Orc:1    | Reached skill level 20 in Axes
 28656 | Orc:2    | Entered Level 2 of the Orcish Mines
 28910 | Orc:2    | Received a gift from Trog
 29210 | Orc:2    | Found a roughly hewn altar of Beogh.
 29273 | Orc:2    | Found a staircase to the Elven Halls.
 29387 | Orc:2    | Found Gaggil's Armour Shoppe.
 29417 | Orc:2    | HP: 5/145 [orc sorcerer/bolt of negative energy (29)]
 29418 | Orc:2    | Slain by a chaos spawn

Levels and vault maps discovered:
D:1:      wander_arrival_desolate, layout_loops_ring
D:2:      layout_loops_ring, first_ration, uniq_robin
D:3:      layout_rooms, kennysheep_ying_yang, cheibrodos_ashenzari_chains,
          uniq_grinder
D:4:      layout_basic, kennysheep_mini_moat
D:5:      layout_loops_corners, overflow_temple_1_default,
          nemelex_xobeh_ov_fountains_minmay, old_standard_altar, serial_shops,
          nicolae_shop_waterfront, uniq_menkaure, uniq_ijyb, uniq_edmund,
          uniq_sigmund
D:6:      layout_rooms, lemuel_crystal_altar, overflow_temple_1_default,
          minmay_temple_entry_offerings
D:7:      layout_rooms, overflow_temple_1_default,
          chequers_temple_overflow_minitemple, serial_shops,
          nicolae_shop_waterfront, the_bakery
D:8:      layout_loops_ring
D:9:      lemuel_insect_pit, layout_rooms, kennysheep_mini, serial_shops, shop,
          uniq_joseph, uniq_psyche
D:10:     layout_long_grid, special_room [special_room_orc], kennysheep_boxes
D:11:     layout_loops_ring, lair_entry_dummy, orc_0_dummy,
          portal_ice_cave_entry_pillars_1, kennysheep_generic_room_2,
          uniq_harold, uniq_fannar, uniq_gastronok
D:12:     layout_roguey, special_room [special_room_orc]
D:13:     layout_irregular_city, corexii_leaking_fountain, uniq_kirke
D:14:     layout_cave_pools, david_vaults_2, minmay_fountain_box,
          tgw_lugonu_bribe, uniq_rupert
D:15:     grunt_enter_depths_hoard, layout_layer_cave,
          minmay_misc_feat_more_columns, jmf_multi_god_temple2
Temple:   pf_slime_end_temple
Lair:1:   layout_cave_pods
Lair:2:   layout_cave_pods, columned_hall_lemuel, lemuel_fruit_fields
Lair:3:   layout_regular_city, minmay_lair_oklob_chamber
Lair:4:   layout_cave_pods, minmay_shoals_entry_centaurs,
          spider_nest_entry_funnel_web, special_room
          [special_room_mythical_zoo], st_stairs_8
Lair:5:   layout_long_grid, beast_lair_carwin_10, uniq_josephine
Lair:6:   wormcave, layout_small_grid, hangedman_lair_caniforms_friends,
          nicolae_slime_entry_slimehenge, serial_bayou_shore_b
Shoals:1: layout_shoals, ebering_ghost_disaster_area
Spider:1: layout_spider_delve
Spider:2: layout_spider_delve, hangedman_spider_trapstep
Orc:1:    layout_caves, nooodl_orcs_dogs
Orc:2:    st_orc_elflike, layout_caves, basic_altar

Skill      XL: |  1  2  3  4  5  6  7  8  9 10 11 12 13 14 15 |
---------------+----------------------------------------------+-----
Axes           | 4 5 6 7 9 11 13 15 17 18 20 | 20.3
Fighting       | 4 5 6 7 9 11 14 15 16 | 16.5
Armour         | 3 4 5 6 7 8 10 12 15 17 | 17.4
Throwing       | 1 2 3 |  3.0
Dodging        | 3 4 |  4.8
Slings         | 1 3 |  3.0
Shields        | 1 |  1.2
Maces & Flails | 1 2 |  2.8
Stealth        | |  0.1
Evocations     | |  0.4

Action                   |  1- 3 |  4- 6 |  7- 9 | 10-12 | 13-15 || total
-------------------------+-------+-------+-------+-------+-------++-------
Melee: Hand axe          |   102 |   168 |    45 |       |       ||   315
       Headbutt          |    12 |    30 |    56 |    98 |   293 ||   489
       War axe           |       |       |   190 |   150 |       ||   340
       Battleaxe         |       |       |    12 |    80 |       ||    92
       Executioner's axe |       |       |       |   174 |   757 ||   931
       Flail             |       |       |       |     4 |       ||     4
       Whip              |       |       |       |       |   357 ||   357
 Fire: Hunting sling     |       |       |       |    11 |    53 ||    64
Throw: Stone             |       |    57 |    90 |       |       ||   147
       Boomerang         |       |       |    32 |   202 |   151 ||   385
       Throwing net      |       |       |       |       |     2 ||     2
Invok: Berserk           |       |       |     5 |    20 |    22 ||    47
       Brothers in Arms  |       |       |       |     4 |     1 ||     5
       Trog's Hand       |       |       |       |     1 |       ||     1
Evoke: Wand              |       |       |     5 |    11 |     3 ||    19
       Phantom mirror    |       |       |       |     1 |       ||     1
       Lightning rod     |       |       |       |       |     1 ||     1
  Use: Scroll            |       |     6 |     1 |    13 |    12 ||    32
       Potion            |       |       |       |     7 |       ||     7
 Stab: Distracted        |       |       |       |     1 |       ||     1
       Confused          |       |       |       |       |     1 ||     1
  Eat: Chunk             |       |     8 |    14 |    26 |    55 ||   103
       Ration            |       |       |     1 |     5 |     4 ||    10
Armor: Animal skin       |     3 |       |       |       |       ||     3
       Ring mail         |    18 |    41 |       |       |       ||    59
       Scale mail        |       |     3 |     5 |       |       ||     8
       Chain mail        |       |       |    96 |       |       ||    96
       Plate armour      |       |       |     3 |   177 |   626 ||   806
       Skin              |       |       |       |    19 |       ||    19
Dodge: Dodged            |    59 |    79 |    75 |   188 |   607 ||  1008
Block: Buckler           |       |       |       |     6 |       ||     6
